AoeStats
← ThunderboltX

Arabian Desert

510141984Analyzed
1v1 RM · 3d ago on Sep 29, 2026· 43m 6s· 2 players
Game mode
Random Map
Map size
Tiny (2 player)
Population
200
Speed
Normal
Resources
Standard
Victory
Conquest
Starting age
Dark Age
Ending age
Imperial Age
RankedLock teamsTeams togetherTeam positionsShared explorationLock speedFull tech treeHidden civsTurbo modeCheats
Victory
Defeat
🇭🇺 Georgians · Hungary
2479
+11
🇧🇬 Cumans · Bulgaria
2367
-11
ThunderboltX
7:41 Loom
10:06 Feudal Age
10:33 Double-Bit Axe
12:25 Fletching
17:36 Scale Barding Armor
17:59 Scale Barding Armor
21:05 Wheelbarrow
23:51 Castle Age
22:01 Horse Collar
22:33 Padded Archer Armor
22:49 Bloodlines
23:56 Forging
25:43 Chain Barding Armor
26:14 Light Cavalry
29:54 Bow Saw
41:05 Murder Holes
42:31 Pikeman
OS+ | Sziky
5:34 Loom
9:17 Feudal Age
9:48 Double-Bit Axe
13:17 Fletching
15:24 Padded Archer Armor
22:30 Castle Age
20:15 Horse Collar
20:59 Gold Mining
22:35 Crossbowman
23:10 Bodkin Arrow
23:39 Bow Saw
24:12 Heavy Plow
30:50 Bloodlines
30:41 Husbandry
30:47 Scale Barding Armor
30:53 Forging
33:04 Wheelbarrow
32:15 Town Watch
35:09 Chain Barding Armor
36:44 Iron Casting
43:31 Scale Mail Armor
46:16 Imperial Age
Connection lost

Rejoining the realm…

Still unreachable

The connection could not be restored.

Session expired

The server has moved on; the page needs a fresh start.